 Dungeon Crawl Stone Soup version 0.25.0-26-g0c896c7088 (webtiles) character file.

Game seed: 3587763139868674854

226 xccam the Cutter (level 6, -1/39 HPs)
             Began as an Octopode Assassin on July 4, 2020.
             Slain by Sigmund
             ... wielding a +0 scythe
              (13 damage)
             ... on level 3 of the Dungeon.
             The game lasted 00:03:00 (3086 turns).

xccam the Cutter (Octopode Assassin)                Turns: 3086, Time: 00:03:00

Health: -1/39      AC:  1    Str:  9 (11) XL:     6   Next: 1%
Magic:  6/6        EV: 13    Int: 10 (13) God:
Gold:   140        SH:  0    Dex: 14 (15) Spells: 5/5 levels left

rFire    . . .     SeeInvis .   s - +4 short sword
rCold    . . .     Gourm    .   (no shield)
rNeg     . . .     Faith    .   (helmet restricted)
rPois    .         Spirit   .   (no amulet)
rElec    .         Reflect  .   o - ring of resist corrosion
rCorr    +         Harm     .   (no ring)
MR       .....                  (no ring)
Stlth    ++........             (no ring)
HPRegen  0.13/turn              (no ring)
MPRegen  0.10/turn              (no ring)
                                (no ring)
                                (no ring)

@: confused, mighty
A: almost no armour, stealthy swim, amphibious, 8 rings, constrict 8, camouflage
1, gelatinous body 1
a: no special abilities


You were on level 3 of the Dungeon.
You were not hungry.

You visited 1 branch of the dungeon, and saw 3 of its levels.

You collected 140 gold pieces.

Inventory:

Hand Weapons
 a - a +2 dagger
 s - a +4 short sword (weapon)
Missiles
 b - 23 poisoned darts (quivered)
 c - 2 curare-tipped darts
Armour
 r - a +0 kite shield
Jewellery
 o - a ring of resist corrosion (left tentacle)
Scrolls
 e - 4 scrolls of teleportation {unknown}
 f - 4 scrolls of remove curse {unknown}
 h - 5 scrolls of amnesia {unknown}
 i - a scroll of fog {unknown}
 j - a scroll of enchant weapon {unknown}
 l - a scroll of immolation {unknown}
 n - a scroll of random uselessness {unknown}
 p - a scroll of blinking {unknown}
Potions
 k - a potion of heal wounds {unknown}
 q - 3 potions of degeneration
Comestibles
 d - 7 rations
 g - 2 chunks of flesh


   Skills:
 - Level 2.0 Fighting
 + Level 6.0 Short Blades
 - Level 2.0 Throwing
 - Level 1.0 Dodging
 - Level 5.3 Stealth


You had 5 spell levels left.
You didn't know any spells.
Your spell library was empty.

Dungeon Overview and Level Annotations

Branches:
Dungeon (3/15)

Altars:
The Shining One

Annotations:
D:3 Sigmund


Innate Abilities, Weirdness & Mutations

You cannot wear most types of armour.
You are very stealthy in the water. (Stealth+)
You are amphibious.
You can wear up to eight rings at the same time.
You can use your tentacles to constrict eight enemies at once.
Your skin changes colour to match your surroundings (Stealth+).
Your rubbery body absorbs attacks. (AC +1, EV +1)


Message History

You are more confused.
You're too confused to move!
A magic dart appears from out of thin air!
The magic dart hits you!
A puff of flame appears from out of thin air!
The puff of flame misses you.
You bump into the rock wall.
You are more confused.
It was a potion of degeneration.
There was something very wrong with that liquid.
You feel weakened.
You feel dopey.
You feel clumsy.
A magic dart appears from out of thin air!
The magic dart hits you.
It was a potion of might.
You feel very mighty all of a sudden.
You bump into the rock wall.
You bump into the rock wall.
Something hits you.
You closely miss something. Something hits you!
You die...

### #<# #.# #######.###########
#........@{.....÷.#
#.###..##########.#
########.####.# #.#
#...#.........# ########.#
..#.#############......#.#
###....................#.#
##################.....>.#
[...÷).)).....#..........#
#############.#........##########


There were no monsters in sight!

Vanquished Creatures
  A crimson imp (D:3)
  Jessica (D:3)
  Natasha (D:3)
  Robin (D:3)
  5 adders
  A gnoll (D:2)
  A worm (D:2)
  A dart slug (D:1)
  3 leopard geckos
  2 orcs (D:3)
  3 giant cockroaches (D:2)
  12 goblins
  10 hobgoblins
  A quokka (D:3)
  2 ball pythons (D:2)
  7 bats
  4 frilled lizards
  6 kobolds
  6 rats
68 creatures vanquished.

Notes
Turn   | Place    | Note
-------+----------+-------------------------------------------
     0 | D:1      | xccam the Octopode Assassin began the quest for the Orb.
     0 | D:1      | Reached XP level 1. HP: 14/14 MP: 1/1
   311 | D:1      | Reached XP level 2. HP: 19/19 MP: 2/2
   709 | D:2      | Reached skill level 3 in Short Blades
   755 | D:2      | Found a glowing golden altar of the Shining One.
   831 | D:2      | Reached XP level 3. HP: 12/24 MP: 3/3
  1309 | D:2      | Reached skill level 4 in Short Blades
  1541 | D:2      | Reached XP level 4. HP: 29/29 MP: 4/4
  1813 | D:2      | Found a faded altar of an unknown god.
  2187 | D:3      | Reached skill level 5 in Short Blades
  2187 | D:3      | Reached XP level 5. HP: 17/34 MP: 5/5
  2651 | D:3      | Noticed Jessica
  2657 | D:3      | Killed Jessica
  2780 | D:3      | Noticed Robin
  2812 | D:3      | Killed Robin
  3003 | D:3      | Noticed Natasha
  3005 | D:3      | Killed Natasha
  3005 | D:3      | Reached skill level 6 in Short Blades
  3005 | D:3      | Reached XP level 6. HP: 39/39 MP: 6/6
  3043 | D:3      | Noticed Sigmund
  3086 | D:3      | Slain by Sigmund

Illustrated notes

Levels and vault maps discovered:
D:1:      dpeg_arrival_long_road, layout_rooms
D:2:      minmay_razor_zed, layout_loops_cross, lemuel_crystal_altar,
          chequers_ecumenical_altar_simple
D:3:      layout_basic, serial_co_window_serial, co_window_paths_a,
          co_window_corner_a, co_window_of_opportunity_a, co_window_paths_a,
          co_window_corner_a, co_window_corner_ca, co_window_broadway_a,
          co_window_of_opportunity_c, co_window_corner_b, co_window_paths_d,
          co_window_paths_e, uniq_natasha, uniq_jessica, uniq_robin,
          uniq_sigmund

Skill      XL: |  1  2  3  4  5 |
---------------+----------------+-----
Short Blades   | 3 4 5 6 |  6.0
Fighting       | |  2.0
Throwing       | |  2.0
Dodging        | |  1.0
Stealth        | |  5.3

Action                   |  1- 3 |  4- 6 || total
-------------------------+-------+-------++-------
Melee: Dagger            |    58 |    81 ||   139
       Constrict         |    15 |    18 ||    33
       Tentacles         |    10 |    14 ||    24
       Short sword       |       |     5 ||     5
  Use: Potion            |       |     2 ||     2
 Stab: Sleeping          |    11 |     5 ||    16
       Distracted        |       |     1 ||     1
  Eat: Chunk             |     2 |     5 ||     7
Armor: Skin              |     1 |     3 ||     4
Dodge: Dodged            |    30 |    28 ||    58
